 Dungeon Crawl Stone Soup version 0.27-a0-1334-g2746e35aca (webtiles) character file.

Game seed: 12454301088948858839

39 Sweetruy1997 the Gusty (level 3, -3/26 HPs)
             Began as a Draconian Air Elementalist on June 27, 2021.
             Shot with a sling bullet by a goblin (5 damage)
             ... led by Robin
             ... on level 2 of the Dungeon.
             The game lasted 00:03:12 (1216 turns).

Sweetruy1997 the Gusty (Draconian Air Elementalist) Turns: 1216, Time: 00:03:13

Health: -3/26      AC:  5    Str: 10    XL:     3   Next: 28%
Magic:  6/6        EV: 12    Int: 16    God:
Gold:   58         SH:  0    Dex: 11    Spells: 2/6 levels left

rFire    . . .     SeeInvis .   c - +0 short sword
rCold    . . .     Faith    .   (no shield)
rNeg     . . .     Spirit   .   (armour unavailable)
rPois    .         Reflect  .   (helmet restricted)
rElec    .         Harm     .   (no cloak)
rCorr    .         Rampage  .   (no gloves)
Will     .....                  (no boots)
Stlth    ++........             (no amulet)
HPRegen  0.08/turn              (no ring)
MPRegen  0.10/turn              (no ring)

@: no status effects
A: AC +5, unfitting armour, cold-blooded
a: no special abilities


You were on level 2 of the Dungeon.
You visited 1 branch of the dungeon, and saw 2 of its levels.

You collected 58 gold pieces.

Inventory:

Hand Weapons
 c - a +0 short sword (weapon)
Scrolls
 a - a scroll of fear {unknown}
 b - a scroll of brand weapon {unknown}
 e - a scroll of identify {unknown}
 f - a scroll of magic mapping {unknown}
 g - a scroll of enchant armour {unknown}
 h - a scroll of immolation {unknown}
Potions
 d - a potion of attraction {unknown}


   Skills:
 + Level 0.2 Fighting
 + Level 0.2 Short Blades
 + Level 1.9 Dodging
 - Level 2.0 Stealth
 + Level 2.4 Spellcasting
 + Level 1.3 Conjurations
 + Level 3.6 Air Magic


You had 2 spell levels left.
You knew the following spells:

 Your Spells              Type           Power      Damage    Failure   Level
a - Shock                 Conj/Air       36%        1d5       7%          1
b - Static Discharge      Conj/Air       9%         N/A       11%         2
c - Magic Dart            Conj           24%        1d4       12%         1

Your spell library contained the following spells:

 Spells                   Type           Power      Damage    Failure   Level
 Blink                    Tloc           N/A        N/A       30%         2
 Call Imp                 Summ           1%         N/A       30%         2
 Slow                     Hex            1%         N/A       30%         2
 Swiftness                Air            13%        N/A       14%         3
 Mephitic Cloud           Conj/Pois/Air  7%         N/A       30%         3
 Conjure Flame            Conj/Fire      4%         6-21      41%         3
 Airstrike                Air            6%         N/A       41%         4
 Lightning Bolt           Conj/Air       4%         1d16      89%         5


Dungeon Overview and Level Annotations

Branches:
Dungeon (2/15)

Altars:

Annotations:
D:2 Robin


Innate Abilities, Weirdness & Mutations

Your plain brown scales are hard. (AC +5)
You cannot fit into any form of body armour.
You are cold-blooded and may be slowed by cold attacks.


Message History

The hobgoblin completely misses you.
You barely miss Robin.
Robin is moderately wounded.
Robin barely misses you. The hobgoblin closely misses you.
You hit Robin.
Robin is heavily wounded.
Robin closely misses you. The hobgoblin hits you.
You hit Robin but do no damage.
Your tail-slap misses Robin.
Robin is heavily wounded.
The hobgoblin hits you but does no damage.
You hit Robin.
Robin is heavily wounded.
The hobgoblin hits you but does no damage.
Robin closely misses you.
You hit Robin but do no damage.
Robin is heavily wounded.
The hobgoblin barely misses you. Robin closely misses you.
You hit Robin.
Robin is severely wounded.
The hobgoblin hits you. Robin hits you with a +0 club.
You hit the hobgoblin.
Your tail-slap misses the hobgoblin.
The hobgoblin is almost dead.
The hobgoblin no longer looks unusually strong.
The hobgoblin barely misses you. Robin misses you.
You hit the hobgoblin.
You kill the hobgoblin!
The goblin no longer looks unusually strong.
The goblin unwields a +0 dagger.
The goblin wields a +0 hunting sling.
The goblin shoots a sling bullet.
The sling bullet hits you!
* * * LOW HITPOINT WARNING * * *
You closely miss Robin. You tail-slap Robin, but do no damage.
Robin is severely wounded.
Robin hits you with a +0 club.
* * * LOW HITPOINT WARNING * * *
The goblin shoots a sling bullet.
The sling bullet barely misses you.
You barely miss Robin.
Robin is severely wounded.
Robin closely misses you.
The goblin shoots a sling bullet.
The sling bullet hits you.
You die...

##############
#@)g........<#
#g############
#.# #.# #.#
#.# #.# #.#
#)#


You could see Robin and a goblin.

Vanquished Creatures
  A dart slug (D:1)
  5 bats (D:1)
  4 endoplasms (D:1)
  4 giant cockroaches (D:1)
  4 goblins (D:2)
  4 hobgoblins
  3 jackals (D:1)
  2 ball pythons (D:1)
  A frilled lizard (D:1)
  2 kobolds (D:1)
  2 rats (D:1)
32 creatures vanquished.

Notes
Turn   | Place    | Note
-------+----------+-------------------------------------------
     0 | D:1      | Sweetruy1997 the Draconian Air Elementalist began the quest
                  | for the Orb.
     0 | D:1      | Reached XP level 1. HP: 14/14 MP: 3/3
   277 | D:1      | Reached XP level 2. HP: 20/20 MP: 1/5
   732 | D:1      | Learned a level 2 spell: Static Discharge
   792 | D:1      | Found a faded altar of an unknown god.
   795 | D:1      | Learned a level 1 spell: Magic Dart
   905 | D:1      | Reached XP level 3. HP: 19/26 MP: 1/6
  1189 | D:2      | Noticed Robin
  1216 | D:2      | Shot with a sling bullet by a goblin

Illustrated notes

Levels and vault maps discovered:
D:1:      psy_arrival_basics, layout_rooms, shapermc_ecumenical_altar_gd
D:2:      layout_basic, uniq_jessica, uniq_robin

Skill      XL: |  1  2 |
---------------+-------+-----
Stealth        | 2 |  2.0
Fighting       | |  0.2
Short Blades   | |  0.2
Dodging        | |  1.9
Spellcasting   | |  2.4
Conjurations   | |  1.3
Air Magic      | |  3.6

Action                   || total
-------------------------++-------
Melee: Unarmed           ||     4
       Short sword       ||    55
       Tailslap          ||     3
 Cast: Shock             ||    36
Armor: Skin              ||    27
Dodge: Dodged            ||    50

Table legend: (Time is in decaauts)
 A = Elapsed time spent in this place.
 B = Non-inter-level travel time spent in this place.
 C = Inter-level travel time spent in this place.
 D = Time resting spent in this place.
 E = Time spent auto-exploring this place.
 F = Levels seen in this place.
 G = Mean time per level.
                   A        B        C        D        E       F      G
               +--------+--------+--------+--------+--------+-----+--------+
         Total |   1223 |   1197 |     26 |    275 |    710 |   2 |  611.5 |
       Dungeon |   1223 |   1197 |     26 |    275 |    710 |   2 |  611.5 |
               +--------+--------+--------+--------+--------+-----+--------+

Top non-repeatable levels by time:
     D:1: 1185 daAuts
     D:2: 38 daAuts
